 Dungeon Crawl Stone Soup version 0.19.5 (webtiles) character file.

98 greprep the Magician (level 4, 0/24 HPs)
             Began as a Deep Elf Wizard on May 7, 2017.
             Succumbed to a scorpion's poison
             ... on level 3 of the Dungeon.
             The game lasted 00:07:44 (2859 turns).

greprep the Magician (Deep Elf Wizard)              Turns: 2859, Time: 00:07:44

Health: 0/24       AC:  2    Str:  4    XL:     4   Next: 43%
Magic:  2/14       EV: 13    Int: 24    God:
Gold:   80         SH:  0    Dex: 13    Spells: 3 memorised, 10 levels left

rFire  . . .     SeeInvis .     i - +3 dagger
rCold  . . .     Gourm    .     a - +0 robe
rNeg   . . .     Faith    .     (no shield)
rPois  .         Spirit   .     b - +0 hat
rElec  .         Reflect  .     (no cloak)
rCorr  .         Harm     .     (no gloves)
MR     .....                    (no boots)
Stlth  ++........               (no amulet)
                                (no ring)
                                (no ring)

@: lethally poisoned (0 -> -18), very slightly contaminated
A: no striking features
a: no special abilities


You were on level 3 of the Dungeon.
You were not hungry.

You visited 1 branch of the dungeon, and saw 3 of its levels.

You collected 80 gold pieces.

Inventory:

Hand Weapons
 i - a +3 dagger (weapon)
 q - a +1 dagger of speed
 w - a +1 short sword of holy wrath
Armour
 a - a +0 robe (worn)
 b - a +0 hat (worn)
 l - a +0 cloak
Jewellery
 u - a cursed ring of teleportation {unknown}
 x - an uncursed ring of poison resistance {unknown}
Scrolls
 e - a scroll of remove curse {unknown}
 f - 3 scrolls of identify {unknown}
 j - a scroll of enchant weapon {unknown}
 n - 2 scrolls of magic mapping {unknown}
 p - 2 scrolls of fog {unknown}
 s - 2 scrolls of enchant armour {unknown}
Potions
 h - a potion of curing {unknown}
 k - a potion of invisibility {unknown}
 m - 2 potions of brilliance {unknown}
 o - a potion of berserk rage {unknown}
 r - a potion of cure mutation {unknown}
 t - a potion of agility {unknown}
 v - a potion of resistance {unknown}
Books
 c - a book of Minor Magic

   Spells                             Type                      Level
   a - Magic Dart                     Conjuration                  1
   b - Blink                          Translocation                2
   c - Call Imp                       Summoning                    2
   d - Repel Missiles                 Charms/Air                   2
   e - Slow                           Hexes                        2
   f - Conjure Flame                  Conjuration/Fire             3
   g - Mephitic Cloud                 Conjuration/Poison/Air       3
Comestibles
 d - 2 bread rations
 g - 3 meat rations


   Skills:
 + Level 0.4 Fighting
 + Level 1.2 Short Blades
 + Level 3.1 Dodging
 + Level 2.9 Stealth
 + Level 6.0 Spellcasting
 + Level 1.2 Conjurations
 + Level 1.2 Summonings
 + Level 1.3 Translocations


You had 10 spell levels left.
You knew the following spells:

 Your Spells              Type           Power        Failure   Level  Hunger
a - Magic Dart            Conj           ##..         6%          1    None
b - Call Imp              Summ           ##......     10%         2    None
c - Blink                 Tloc           N/A          10%         2    None


Dungeon Overview and Level Annotations

Branches:
Dungeon (3/15)

Altars:


Message History

Confirm with . or Enter, or press ? or * to list all spells.
A beastly little devil appears in a puff of flame.
You feel sick. The scorpion stings you.
* * * LOW HITPOINT WARNING * * *
You are more poisoned.
The scorpion poisons you!
Okay, then.
Casting: Call Imp
Confirm with . or Enter, or press ? or * to list all spells.
A beastly little devil appears in a puff of flame.
* * * LOW HITPOINT WARNING * * *
You feel sick.
The gnoll hits your crimson imp with an enchanted spear.
The scorpion barely misses you.
Your crimson imp hits the scorpion but does no damage.
* * * LOW HITPOINT WARNING * * *
You feel sick.
The gnoll barely misses your crimson imp.
You swap places.
You die...

g#.........#.###.## #.#
K########....# #.# #.#
.########..#.# #.# #.#
.#...............#
.#...8....##.###.#
.#..8.8..###.###.#
...8._.8.#.......#
....8.8..###.###.#######
.#...8...gKgS5s5@.......
.#........######.#######
.####.....# #.# ##
####### #.# #.# ###


You could see a scorpion, a gnoll, a hobgoblin, a ball python, a kobold and 2
friendly crimson imps.

Vanquished Creatures
  A worker ant (D:3)
  A dart slug (D:2)
  2 leopard geckos
  A ball python (D:3)
  9 bats
  2 giant cockroaches
  5 hobgoblins
  3 jackals (D:2)
  4 goblins
  5 kobolds
  4 rats
37 creatures vanquished.

Vanquished Creatures (collateral kills)
  Jessica (D:3)
  2 gnolls (D:3)
  A leopard gecko (D:1)
  A goblin (D:1)
  A hobgoblin (D:1)
  A frilled lizard (D:1)
  A kobold (D:3)
  A rat (D:3)
9 creatures vanquished.

Vanquished Creatures (others)
  A rat (D:1)
  A toadstool (D:1)
2 creatures vanquished.

Grand Total: 48 creatures vanquished

Notes
Turn   | Place    | Note
-------+----------+-------------------------------------------
     0 | D:1      | greprep the Deep Elf Wizard began the quest for the Orb.
     0 | D:1      | Reached XP level 1. HP: 10/10 MP: 7/7
   554 | D:1      | Reached XP level 2. HP: 8/15 MP: 9/9
   809 | D:2      | Learned a level 2 spell: Call Imp
   829 | D:1      | Reached skill level 5 in Spellcasting
   948 | D:1      | Learned a level 2 spell: Blink
  1666 | D:2      | Reached XP level 3. HP: 10/19 MP: 11/11
  1986 | D:3      | Reached skill level 1 in Short Blades
  2186 | D:3      | Noticed Jessica
  2194 | D:3      | Killed Jessica
  2398 | D:3      | Reached XP level 4. HP: 6/24 MP: 0/13
  2772 | D:3      | Found a faded altar of an unknown god.
  2838 | D:3      | Reached skill level 6 in Spellcasting
  2858 | D:3      | HP: 1/24 [poisoned by a scorpion]
  2859 | D:3      | Succumbed to a scorpion's poison

Skill      XL: |  1  2  3  4 |
---------------+-------------+-----
Spellcasting   | 5 6 |  6.0
Short Blades   | 1 |  1.2
Dodging        | 3 |  3.1
Fighting       | |  0.4
Stealth        | |  2.9
Conjurations   | |  1.2
Summonings     | |  1.2
Translocations | |  1.3

Action                   |  1- 3 |  4- 6 || total
-------------------------+-------+-------++-------
Melee: Dagger            |   117 |     5 ||   122
 Cast: Magic Dart        |    32 |     2 ||    34
       Blink             |     6 |     1 ||     7
       Call Imp          |     4 |     5 ||     9
 Stab: Sleeping          |     2 |     1 ||     3
  Eat: Beef jerky        |     1 |       ||     1
       Bread ration      |     1 |       ||     1
Armor: Robe              |    26 |     2 ||    28
Dodge: Dodged            |   114 |    14 ||   128
